 Dungeon Crawl Stone Soup version 0.23.1 (webtiles) character file.

Game seed: 0

22680 Irenicus the Earth Mage (level 12, -2/97 HPs)
             Began as a Deep Dwarf Earth Elementalist on Mar 19, 2019.
             Was a High Priest of Makhleb.
             Slain by Frances
             ... wielding a +0 trident of protection
              (24 damage)
             ... on level 13 of the Dungeon.
             The game lasted 01:11:11 (7746 turns).

Irenicus the Earth Mage (DDEE)                      Turns: 7746, Time: 01:11:12

Health: -2/97      AC:  6    Str: 11    XL:     12   Next: 65%
Magic:  0/34 (25)  EV: 21    Int: 22    God:    Makhleb [*****.]
Gold:   669        SH:  8    Dex: 13    Spells: 14/29 levels left

rFire    . . .     SeeInvis +   I - +8 falchion of the Establishment {freeze, rElec rC- rN++ MP+9}
rCold    . . .     Gourm    .   m - +3 buckler
rNeg     + + .     Faith    .   R - +1 leather armour of an ossuary {+Blink SInv} (curse)
rPois    .         Spirit   .   H - +1 hat
rElec    +         Reflect  .   v - +0 cloak
rCorr    .         Harm     .   (no gloves)
MR       +....                  (no boots)
Stlth    +++.......             (no amulet)
HPRegen  0.00/turn              r - ring of protection from cold {rC+, !d}
MPRegen  0.24/turn              z - +5 ring of evasion

@: starving, non-regenerating
A: damage resistance, heal wounds, sense surroundings 2, no regeneration
a: Heal Wounds, Minor Destruction, Lesser Servant of Makhleb, Major Destruction,
Greater Servant of Makhleb, Renounce Religion, Evoke Blink


You were on level 13 of the Dungeon.
You worshipped Makhleb.
Makhleb was extremely pleased with you.
You were starving.

You visited 2 branches of the dungeon, and saw 14 of its levels.
You also visited: Ossuary.

You collected 669 gold pieces.

Inventory:

Hand Weapons
 e - a +2 short sword of venom
   (You took it off a kobold on level 2 of the Dungeon)
 w - a +2 dagger of draining
   (You took it off an orc on level 4 of the Dungeon)
 I - the +8 falchion of the Establishment (weapon) {freeze, rElec rC- rN++ MP+9}
   (You found it on level 7 of the Dungeon)

   It has been specially enchanted to freeze those struck by it, causing extra
   injury to most foes and up to half again as much damage against particularly
   susceptible opponents.
   It can also slow down cold-blooded creatures.
   It makes you vulnerable to cold.
   It insulates you from electricity.
   It greatly protects you from negative energy.
   It affects your magic capacity (+9).
 P - a +2 vampiric dagger {!w}
   (You took it off an orc wizard on level 10 of the Dungeon)
Missiles
 b - 69 stones (quivered)
 O - 3 tomahawks of dispersal {=f}
Armour
 m - a +3 buckler (worn)
   (You found it on level 1 of the Dungeon)
 v - a +0 cloak (worn)
   (You found it on level 4 of the Dungeon)
 H - a +1 hat (worn)
   (You found it on level 8 of the Dungeon)
 Q - a +0 crystal plate armour
   (You found it on level 10 of the Dungeon)
 R - the cursed +1 leather armour of an ossuary (worn) {+Blink SInv}
   (You found it on level 10 of the Dungeon)

   It lets you see invisible.
   It lets you blink.
   It has a curse placed upon it.
Jewellery
 f - an uncursed ring of stealth {Stlth+}
   (You found it on level 10 of the Dungeon)
 p - an uncursed ring of poison resistance {rPois, !d}
   (You found it on level 8 of the Dungeon)
 r - a ring of protection from cold (left hand) {rC+, !d}
   (You found it on level 3 of the Dungeon)
 t - an uncursed ring of fire {rF+, rC-}
   (You found it on level 3 of the Dungeon)
 z - a +5 ring of evasion (right hand)
   (You found it on level 6 of the Dungeon)
 N - an uncursed amulet of rage {+Rage, !d}
   (You found it on level 9 of the Dungeon)
Wands
 c - a wand of flame (71)
   (You found it on level 2 of the Dungeon)
 x - a wand of iceblast (9)
   (You found it on level 8 of the Dungeon)
 K - a wand of paralysis (9)
   (You found it on level 8 of the Dungeon)
Scrolls
 a - a scroll of noise {!r}
 g - 4 scrolls of immolation {!r}
 h - 2 scrolls of remove curse
 i - 5 scrolls of enchant weapon
 j - 2 scrolls of amnesia
 l - 5 scrolls of teleportation
 n - 2 scrolls of fog
 u - a scroll of magic mapping {!r}
 F - 2 scrolls of identify
Potions
 k - a potion of cancellation
 o - 5 potions of brilliance
 q - 5 potions of flight
 s - 2 potions of mutation {!q}
 A - 2 potions of magic
 B - 2 potions of might
 C - 3 potions of resistance
 D - 4 potions of curing
 G - a potion of agility
 J - 2 potions of haste
 L - a potion of lignification {!q}
Miscellaneous
 M - a lamp of fire (inert)
   (You found it on level 9 of the Dungeon)
Comestibles
 d - 21 rations


   Skills:
 - Level 3.1 Fighting
 - Level 3.5(4.3) Short Blades
 - Level 4.2(5.0) Long Blades
 + Level 1.9 Armour
 - Level 8.0 Dodging
 - Level 7.1 Stealth
 - Level 4.0 Shields
 - Level 9.0 Spellcasting
 - Level 3.0 Conjurations
 - Level 5.0 Transmutations
 - Level 16.0 Earth Magic
 - Level 3.0 Evocations


You had 14 spell levels left.
You knew the following spells:

 Your Spells              Type           Power        Failure   Level  Hunger
a - Sandblast             Erth           ######       0%          1    None
c - Petrify               Tmut/Erth      ######..     1%          4    ##.....
w - Passwall              Tmut/Erth      ######..     1%          2    None
x - Stone Arrow           Conj/Erth      ######       1%          3    None
z - Lee's Rapid Deconstr  Erth           ######....   1%          5    #####..

Your spell library contained the following spells:

 Spells                   Type           Power        Failure   Level  Hunger
 Magic Dart               Conj           ###.         2%          1    None
 Leda's Liquefaction      Hex/Erth       #####.....   3%          4    ##.....
 Shock                    Conj/Air       ###.         4%          1    None
 Corona                   Hex            #......      9%          1    None
 Blink                    Tloc           N/A          13%         2    None
 Call Imp                 Summ           #.......     13%         2    None
 Slow                     Hex            #.......     13%         2    None
 Swiftness                Chrm/Air       #.......     13%         2    None
 Ignite Poison            Fire/Tmut/Pois ###.....     13%         3    None
 Conjure Flame            Conj/Fire      ###.....     14%         3    None
 Static Discharge         Conj/Air       ###.....     14%         3    None
 Mephitic Cloud           Conj/Pois/Air  ##......     17%         3    None
 Inner Flame              Hex/Fire       #.......     26%         3    None
 Portal Projectile        Hex/Tloc       #.....       26%         3    None
 Airstrike                Air            #.........   65%         4    ##.....
 Cause Fear               Hex            #.........   65%         4    ##.....
 Fireball                 Conj/Fire      ###.......   78%         5    #####..
 Lightning Bolt           Conj/Air       ###.......   78%         5    #####..
 Bolt of Fire             Conj/Fire      ###.......   100%        6    ######.
 Ring of Flames           Chrm/Fire      #.........   100%        7    #######
 Ignition                 Fire           #.........   100%        8    #######


Dungeon Overview and Level Annotations

Branches:
Dungeon (13/15)            Temple (1/1) D:4            Lair (0/6) D:9
    Orc (0/2) D:9          Vaults (0/5) D:13

Altars:
Ashenzari
Cheibriados
Dithmenos
Elyvilon
Fedhas
Gozag
Hepliaklqana
Kikubaaqudgha
Makhleb
Nemelex Xobeh
Okawaru
Qazlal
Ru
Sif Muna
Trog
Uskayaw
Vehumet
Wu Jian
Xom
Yredelemnul
Zin
The Shining One

Shops:
D:4 (?%[[   D:13 [

Annotations:
D:8 1 runed translucent door, dhn's ghost, novice MiFi
D:13 Frances


Innate Abilities, Weirdness & Mutations

You are resistant to damage.
You can heal yourself by infusing magical energy.
You passively map the area around you.
You do not regenerate.


Message History

The iron shot hits you!!! The smoke demon gestures at you.
Something smites you!
You take 48 damage, and have 40/97 hp.
MASSIVE DAMAGE!!
You now have 14/34 mp.
Aim the lamp in which direction?
Aim: Frances, wielding a +0 trident of protection and wearing a +0 chain mail (lightly wounded)
The trail of fire hits Frances.
The trail of fire hits the smoke demon.
The smoke demon resists.
Frances is engulfed in blazing flames.
The smoke demon is engulfed in blazing flames.
You kill the smoke demon!
You feel much better.
Frances is engulfed in blazing flames.
Frances hits you from afar with a +0 trident of protection.
You regained 26 hp, and now have 66/97 hp.
Aim: Frances, wielding a +0 trident of protection and wearing a +0 chain mail (flame, moderately wounded)
The blast of sand hits Frances but does no damage.
b - 71 stones Frances mutters in a terrible tongue.
The iron shot hits you!
You take 9 damage, and have 57/97 hp.
You now have 14/34 mp.
A rock wall.
The wall shatters!
The blast of rock fragments hits Frances!
Frances chants phrases taken from a devil's mouth.
The iron shot hits you!!!
* * * LOW HITPOINT WARNING * * *
You take 36 damage, and have 21/97 hp.
MASSIVE DAMAGE!!
You now have 9/34 mp.
Okay, then.
You feel much better.
Frances is engulfed in blazing flames.
Frances hits you from afar with a +0 trident of protection!
You regained 10 hp, and now have 31/97 hp.
You feel much better. Frances misses you.
You regained 21 hp, and now have 52/97 hp.
Aim: Frances, wielding a +0 trident of protection and wearing a +0 chain mail (flame, moderately wounded)
The burst of metal fragments hits Frances but does no damage. x6
Frances is engulfed in blazing flames.
Frances completely misses you.
Okay, then.
Here: Frances, wielding a +0 trident of protection and wearing a +0 chain mail (flame, heavily wounded)
The floor.
Aim: Frances, wielding a +0 trident of protection and wearing a +0 chain mail (flame, heavily wounded)
The burst of metal fragments hits Frances but does no damage. x5
The burst of metal fragments hits Frances.
Frances is engulfed in blazing flames.
Frances mutters in a terrible tongue.
Frances seems to speed up.
Aim: Frances, wielding a +0 trident of protection and wearing a +0 chain mail (flame, heavily wounded, fast)
The burst of metal fragments hits Frances but does no damage.
The burst of metal fragments hits Frances!
The burst of metal fragments hits Frances but does no damage. x2
The burst of metal fragments hits Frances.
The burst of metal fragments hits Frances but does no damage.
You block Frances's attack.
Aim: Frances, wielding a +0 trident of protection and wearing a +0 chain mail (flame, severely wounded, fast)
The burst of metal fragments hits Frances but does no damage. x4
The now-empty wand crumbles to dust.
Frances is engulfed in blazing flames.
Frances closely misses you.
Frances is engulfed in blazing flames.
Frances closely misses you.
Okay, then.
Aim: Frances, wielding a +0 trident of protection and wearing a +0 chain mail (flame, severely wounded, fast)
The blast of sand hits Frances but does no damage.
b - 70 stones Frances is engulfed in blazing flames.
Frances hits you from afar with a +0 trident of protection!
You take 9 damage, and have 43/97 hp.
Aim: Frances, wielding a +0 trident of protection and wearing a +0 chain mail (severely wounded, fast)
The blast of sand hits Frances but does no damage.
b - 69 stones Frances chants phrases taken from a devil's mouth.
The ynoxinul gestures.
Frances hits you from afar with a +0 trident of protection!
You take 3 damage, and have 40/97 hp.
You now have 9/34 mp.
A rock wall.
The wall shatters!
The blast of rock fragments hits the sixfirhy!!
The blast of rock fragments hits the ice devil!
The blast of rock fragments hits Frances.
You block Frances's attack.
You now have 4/34 mp.
You don't have enough magic to cast that spell.
Aim: Frances, wielding a +0 trident of protection and wearing a +0 chain mail (severely wounded, fast)
The mass of ice explodes!
The iceblast engulfs Frances!
The iceblast engulfs the ice devil!
The ice devil partially resists.
The ynoxinul disappears in a puff of smoke!
The ufetubus disappears in a puff of smoke!
Frances screams a word of power!
Okay, then.
A rock wall.
The wall shatters!
The blast of rock fragments hits the chaos spawn!!
The blast of rock fragments hits Frances.
You are starving!
Frances hits you from afar with a +0 trident of protection!!
* * * LOW HITPOINT WARNING * * *
You take 18 damage, and have 22/97 hp.
You now have 0/34 mp.
Okay, then.
Okay, then.
Aim: Frances, wielding a +0 trident of protection and wearing a +0 chain mail (almost dead, fast)
The mass of ice explodes!
The iceblast engulfs Frances!
The iceblast engulfs the chaos spawn!
Frances hits you from afar with a +0 trident of protection!!
You die...

......## #.# ......#
#.# ####### #.# #.#
######### #.#
........# #.#
........# #.#
........#########.##
........5..434@.@..#
......3.############
..###'### ......#
..@#### ...# ...##
....# 3...#####


You could see Frances, an ice devil, a sixfirhy and a chaos spawn.

Vanquished Creatures
  Josephine (D:10)
  2 tengu warriors (D:10)
  Erica (D:10)
  3 two-headed ogres
  A shadow wraith (D:10)
  2 unseen horrors
  A wizard (D:13)
  Pikel (D:8)
  2 manticores
  A wolf spider (D:10)
  A centaur zombie (D:12)
  A gargoyle (D:10)
  A kobold demonologist (D:10)
  An efreet (D:10)
  2 komodo dragons
  A tengu conjurer (D:10)
  4 trolls
  A hornet (D:10)
  2 hippogriffs
  A meliai zombie (D:13)
  6 wraiths
  12 yaks
  4 humans (D:7)
  2 wyverns
  A hungry ghost (D:10)
  2 wargs (D:9)
  6 vampire mosquitoes (D:13)
  2 water moccasins
  2 sky beasts
  A swamp drake (D:9)
  4 ice beasts
  3 orc warriors
  A necrophage (D:6)
  5 ogres
  A phantom (D:4)
  7 centaurs
  4 crocodiles
  3 big kobolds
  7 bullfrogs
  2 water moccasin zombies (Ossuary)
  2 scorpions
  A killer bee (D:8)
  6 wights
  8 howler monkeys
  6 crimson imps
  A bullfrog zombie (D:9)
  3 orc priests
  2 bullfrog skeletons
  4 centaur skeletons
  3 jellies
  4 hounds
  3 iguanas
  8 orc wizards
  11 worker ants
  2 killer bee zombies
  A big kobold zombie (Ossuary)
  2 hound zombies
  3 mummies
  A worker ant zombie (D:11)
  A howler monkey zombie (D:8)
  14 adders
  4 shadow imps
  An ooze (D:1)
  7 adder zombies
  3 adder skeletons (D:5)
  A worm (D:2)
  3 dart slugs (D:2)
  7 leopard geckos
  38 orcs
  4 ball pythons
  6 bats
  6 giant cockroaches
  3 gnoll zombies (Ossuary)
  5 goblins
  9 hobgoblins
  6 jackals
  3 quokkas
  5 frilled lizards
  4 hobgoblin zombies (Ossuary)
  17 kobolds
  5 kobold zombies (Ossuary)
  A leopard gecko skeleton (D:4)
  3 orc zombies (Ossuary)
  2 quokka zombies
  17 rats
351 creatures vanquished.

Vanquished Creatures (others)
  An iguana (D:8)
1 creature vanquished.

Grand Total: 352 creatures vanquished

Notes
Turn   | Place    | Note
-------+----------+-------------------------------------------
     0 | D:1      | Irenicus the Deep Dwarf Earth Elementalist began the quest
                  | for the Orb.
     0 | D:1      | Reached XP level 1. HP: 15/15 MP: 3/3
   191 | D:1      | You fall through a shaft!
   206 | D:2      | Reached skill level 2 in Spellcasting
   212 | D:2      | Reached XP level 2. HP: 13/22 MP: 0/5
   275 | D:1      | Learned a level 2 spell: Passwall
   346 | D:1      | Reached XP level 3. HP: 15/28 MP: 3/6
   690 | D:2      | Reached skill level 5 in Earth Magic
   789 | D:2      | Reached skill level 1 in Short Blades
   889 | D:2      | Reached XP level 4. HP: 18/36 MP: 3/7
   912 | D:2      | Reached skill level 2 in Short Blades
  1003 | D:2      | HP: 9/36 [dart slug/slug dart (3)]
  1016 | D:2      | HP: 8/36 [dart slug (1)]
  1037 | D:2      | Reached skill level 1 in Shields
  1246 | D:3      | Found a glowing golden altar of the Shining One.
  1254 | D:3      | Reached skill level 2 in Shields
  1259 | D:3      | Reached XP level 5. HP: 28/42 MP: 2/8
  1584 | D:4      | Found Duifirig's Food Emporium.
  1662 | D:4      | Reached skill level 3 in Shields
  1720 | D:4      | Reached skill level 4 in Shields
  1768 | D:4      | Found Jiecsueg's Armour Shop.
  1794 | D:4      | Irenicus: ?? int
  1794 | D:4      | beem: int[1/2]: Affects your spell casting success, your
                  | spell power and your spell hunger. When it reaches 0, you
                  | become {brainless}.
  1822 | D:4      | Noticed a phantom
  1837 | D:4      | Killed a phantom
  1837 | D:4      | Reached XP level 6. HP: 16/49 MP: 2/9
  1854 | D:4      | Irenicus: ?? spellcasting
  1854 | D:4      | beem: spellcasting[1/1]: Gives you an extra spell slot for
                  | every half of a level in spellcasting. Raising your
                  | spellcasting also gives you more MP, lowers {spell hunger},
                  | and slightly boosts {spell success} and {spell power} for
                  | all spells.
  1957 | D:4      | Reached skill level 6 in Earth Magic
  2061 | D:4      | Found Caafeseu's Weapon Boutique.
  2071 | D:4      | Irenicus: ??stabb
  2071 | D:4      | beem: stabb ~ stabbing[1/5]: A stab with a short blade does
                  | increased damage: (dam+bonus)*mult, where bonus depends on
                  | dex and stealth/weapon skills and is capped at 30, and mult
                  | depends on your stealth/weapon skills and the type of stab
                  | (sleep/paralysis is best). Non-short blades don't get a
                  | bonus and have lower mult. Daggers get bonus doubled (but
                  | still capped at 30).
  2092 | D:4      | Found a staircase to the Ecumenical Temple.
  2104 | Temple   | Entered the Ecumenical Temple
  2150 | Temple   | Became a worshipper of Makhleb the Destroyer
  2182 | D:4      | Found Wemaotud's Magic Scroll Shop.
  2184 | D:4      | Found Ehocosch's Armour Shop.
  2235 | D:4      | Irenicus: ?? cloak of the thief
  2235 | D:4      | beem: cloak of the thief[1/1]: the +2 cloak of the Thief
                  | {+Fog Slay-2 SInv Stlth+}. The fog costs 2MP and is as
                  | difficult as berserk rage to evoke successfully.
  2247 | D:5      | Entered Level 5 of the Dungeon
  2263 | D:5      | Found a sand-covered staircase.
  2288 | D:5      | Learned a level 3 spell: Stone Arrow
  2298 | Ossuary  | Entered an ossuary
  2324 | Ossuary  | HP: 9/49 [water moccasin zombie (4)]
  2326 | Ossuary  | Reached skill level 7 in Earth Magic
  2443 | Ossuary  | Reached skill level 1 in Armour
  2443 | Ossuary  | Reached XP level 7. HP: 21/56 MP: 0/10
  2493 | Ossuary  | Reached skill level 1 in Fighting
  2514 | Ossuary  | Reached * piety under Makhleb
  2642 | D:5      | Reached skill level 3 in Short Blades
  2709 | D:5      | Reached skill level 2 in Fighting
  2738 | D:5      | Reached skill level 8 in Earth Magic
  2831 | D:5      | Reached skill level 3 in Fighting
  3112 | D:6      | Reached skill level 9 in Earth Magic
  3112 | D:6      | Reached XP level 8. HP: 43/69 MP: 4/11
  3134 | D:6      | HP: 19/103 [orc warrior/+0 flail (18)]
  3211 | D:6      | Reached skill level 10 in Earth Magic
  3294 | D:6      | Found an iron altar of Okawaru.
  3640 | D:6      | Found a shimmering altar of Xom.
  3686 | D:6      | Reached ** piety under Makhleb
  3808 | D:7      | Noticed a hippogriff
  3810 | D:7      | Reached skill level 11 in Earth Magic
  3821 | D:7      | Killed a hippogriff
  3840 | D:7      | Reached skill level 12 in Earth Magic
  3886 | D:7      | Got a brightly glowing falchion
  3887 | D:7      | Identified the +8 falchion of the Establishment {freeze,
                  | rElec rC- rN++ MP+9} (You found it on level 7 of the
                  | Dungeon)
  3896 | D:7      | Learned a level 4 spell: Petrify
  3933 | D:7      | Reached skill level 3 in Dodging
  3936 | D:7      | Reached skill level 4 in Dodging
  3936 | D:7      | Gained mutation: You passively map the area around you.
                  | [Deep Dwarf growth]
  3936 | D:7      | Reached XP level 9. HP: 35/75 MP: 2/12
  3972 | D:7      | Reached skill level 5 in Dodging
  3984 | D:7      | Reached skill level 1 in Long Blades
  4080 | D:7      | Reached skill level 2 in Long Blades
  4113 | D:7      | Reached skill level 3 in Long Blades
  4113 | D:7      | Reached skill level 6 in Dodging
  4129 | D:7      | Reached skill level 4 in Long Blades
  4129 | D:7      | Reached skill level 7 in Dodging
  4157 | D:7      | Found an iron altar of Okawaru.
  4209 | D:8      | Found a runed translucent door.
  4209 | D:8      | Noticed dhn's ghost (novice MiFi)
  4425 | D:8      | Found a burning altar of Makhleb.
  4463 | D:8      | Reached skill level 3 in Spellcasting
  4509 | D:8      | Found a shattered altar of Ashenzari.
  4509 | D:8      | Noticed Pikel
  4523 | D:8      | Killed Pikel
  4523 | D:8      | Reached skill level 4 in Spellcasting
  4568 | D:8      | Noticed a manticore
  4573 | D:8      | HP: 5/75 [manticore/volley of spikes (19)]
  4574 | D:8      | Killed a manticore
  4574 | D:8      | Reached XP level 10. HP: 6/84 MP: 16/17
  4643 | D:8      | Found a basalt altar of Yredelemnul.
  4643 | D:8      | Found a hazy altar of Hepliaklqana.
  4659 | D:8      | Reached skill level 5 in Spellcasting
  4912 | D:8      | Reached *** piety under Makhleb
  4914 | D:8      | Reached skill level 6 in Spellcasting
  4931 | D:8      | Learned a level 5 spell: Lee's Rapid Deconstruction
  4940 | D:8      | Reached skill level 1 in Evocations
  5031 | D:9      | Reached skill level 2 in Evocations
  5132 | D:9      | Found a staircase to the Lair.
  5155 | D:9      | Reached skill level 3 in Evocations
  5206 | D:9      | Reached skill level 7 in Spellcasting
  5357 | D:9      | Found a staircase to the Orcish Mines.
  5368 | D:9      | Reached skill level 13 in Earth Magic
  5469 | D:9      | Found a stormy altar of Qazlal.
  5521 | D:9      | Reached **** piety under Makhleb
  5567 | D:10     | Entered Level 10 of the Dungeon
  5578 | D:10     | Noticed a tengu warrior
  5593 | D:10     | Killed a tengu warrior
  5593 | D:10     | Reached XP level 11. HP: 90/90 MP: 17/22
  5685 | D:10     | Reached skill level 8 in Spellcasting
  5715 | D:10     | Reached skill level 14 in Earth Magic
  5717 | D:10     | Noticed Josephine
  5803 | D:10     | Noticed Erica
  5817 | D:10     | Killed Erica
  6025 | D:10     | Got a shimmering leather armour
  6036 | D:10     | Identified the cursed +1 leather armour of an ossuary
                  | {+Blink SInv} (You found it on level 10 of the Dungeon)
  6078 | D:10     | Killed Josephine
  6089 | D:10     | Noticed a tengu warrior
  6110 | D:10     | Killed a tengu warrior
  6110 | D:10     | Reached ***** piety under Makhleb
  6110 | D:10     | Reached skill level 9 in Spellcasting
  6115 | D:10     | Noticed a sixfirhy
  6120 | D:10     | Reached skill level 3 in Stealth
  6120 | D:10     | Reached skill level 15 in Earth Magic
  6161 | D:10     | Reached skill level 4 in Stealth
  6228 | D:10     | Noticed a wolf spider
  6237 | D:10     | Killed a wolf spider
  6238 | D:10     | Noticed a shadow wraith
  6241 | D:10     | Killed a shadow wraith
  6241 | D:10     | Reached skill level 5 in Stealth
  6719 | D:11     | Reached skill level 6 in Stealth
  6722 | D:11     | Reached XP level 12. HP: 92/97 MP: 13/25
  6756 | D:11     | Noticed a two-headed ogre
  6785 | D:11     | Killed a two-headed ogre
  6785 | D:11     | Reached skill level 7 in Stealth
  6785 | D:11     | Reached skill level 16 in Earth Magic
  6927 | D:11     | Reached skill level 1 in Transmutations
  7012 | D:12     | Reached skill level 2 in Transmutations
  7041 | D:12     | Reached skill level 3 in Transmutations
  7364 | D:13     | Reached skill level 1 in Conjurations
  7364 | D:13     | Reached skill level 4 in Transmutations
  7418 | D:13     | Noticed a two-headed ogre
  7425 | D:13     | Killed a two-headed ogre
  7425 | D:13     | Reached skill level 2 in Conjurations
  7441 | D:13     | Found a gate to the Vaults.
  7441 | D:13     | Noticed a two-headed ogre
  7446 | D:13     | Killed a two-headed ogre
  7446 | D:13     | Reached skill level 3 in Conjurations
  7446 | D:13     | Reached skill level 5 in Transmutations
  7490 | D:13     | Found Veok Anka's Antique Armour Boutique.
  7618 | D:13     | Reached skill level 8 in Dodging
  7648 | D:13     | Noticed Frances
  7733 | D:13     | HP: 21/97 [Frances/iron shot (36)]
  7745 | D:13     | HP: 22/97 [Frances/+0 trident of protection (18)]
  7746 | D:13     | Slain by Frances

Skill      XL: |  1  2  3  4  5  6  7  8  9 10 11 12 |
---------------+-------------------------------------+-----
Spellcasting   | 2 4 7 9 |  9.0
Earth Magic    | 5 7 9 12 13 15 16 | 16.0
Short Blades   | 1 2 3 |  3.5
Shields        | 2 4 |  4.0
Armour         | 1 |  1.9
Fighting       | 3 |  3.1
Dodging        | 4 7 8 |  8.0
Long Blades    | 4 |  4.2
Evocations     | 3 |  3.0
Stealth        | 6 7 |  7.1
Transmutations | 5 |  5.0
Conjurations   | 3 |  3.0

Action                   |  1- 3 |  4- 6 |  7- 9 | 10-12 || total
-------------------------+-------+-------+-------+-------++-------
Melee: Unarmed           |     6 |       |       |       ||     6
       Short sword       |    50 |   105 |    78 |       ||   233
       Falchion          |       |       |    18 |    80 ||    98
       Dagger            |       |       |       |    11 ||    11
 Cast: Sandblast         |    22 |    80 |   103 |   181 ||   386
       Passwall          |     4 |     4 |    17 |    18 ||    43
       Stone Arrow       |       |       |    11 |    31 ||    42
       Lee's Rapid Decon |       |       |       |    45 ||    45
       Petrify           |       |       |       |    10 ||    10
 Abil: Heal Wounds       |       |     2 |       |       ||     2
Evoke: Wand              |       |       |     8 |    12 ||    20
       Lamp of fire      |       |       |       |     3 ||     3
  Use: Potion            |     1 |       |     4 |     4 ||     9
       Scroll            |       |     3 |    11 |    12 ||    26
 Stab: Sleeping          |     4 |     4 |     3 |     4 ||    15
       Petrified         |       |       |       |    16 ||    16
  Eat: Chunk             |       |     4 |     4 |    16 ||    24
       Ration            |       |     1 |     1 |     1 ||     3
Armor: Robe              |     1 |       |       |       ||     1
       Leather armour    |    15 |    18 |    12 |    14 ||    59
Dodge: Dodged            |    44 |    60 |    75 |   147 ||   326
Block: Buckler           |    15 |    31 |    44 |    87 ||   177
       Rpst.: Falchion   |       |       |     9 |    37 ||    46

Levels and vault maps discovered:
D:1:      erik_arrival_orb_chamber, layout_basic
D:2:      layout_basic, serial_bayou_pond_e
D:3:      layout_loops_ring, old_standard_altar, first_ration
D:4:      layout_layer_cave, minmay_temple_entry_purple_smoke, serial_shops,
          nicolae_shop_behind_doors, nicolae_shop_statue_plus, shop, shop,
          nicolae_shop_waterfront
D:5:      layout_cave_pools, gup_ossuary_entry_pyramid
D:6:      layout_basic, xom_teletrap_fun, basic_altar, minivault_10,
          corexii_leaking_fountain, serial_bayou_pond_e,
          kennysheep_generic_room_16
D:7:      layout_cave_pools, basic_altar, minmay_ruffians
D:8:      minmay_opposing_rooms, layout_basic, lemuel_round_altar,
          gammafunk_temple_overflow_wave, basic_altar,
          hellmonk_ghost_happy_afterlife, blue_anna_alchemist
          [blue_anna_fruit_fields, blue_anna_fruit_fields], uniq_pikel
D:9:      layout_irregular_city, nicolae_qazlal_style_of_elements,
          erik_lair_dragon, minmay_orc_entry_guard_dogs, skrybe_limestone_x,
          minmay_unpleasant_kobolds
D:10:     minmay_sliced_demisemicircle, layout_small_grid, uniq_erica,
          uniq_josephine
D:11:     layout_loops_corners
D:12:     layout_roguey, lemuel_nasty_fountain
D:13:     layout_basic, david_vaults_1, serial_shops, shop_statue,
          evilmike_minifort, uniq_frances
Temple:   eino_temple_rhombus
Ossuary:  ossuary_tomb_2

Table legend:
 A = Turns spent in this place as a percentage of turns spent in the entire game.
 B = Non-inter-level travel turns spent in this place as a percentage of non-inter-level travel turns spent in the entire game.
 C = Inter-level travel turns spent in this place as a percentage of turns spent in this place.
 D = Turns resting spent in this place as a percentage of non-inter-level travel turns spent in this place.
 E = Turns spent auto-exploring this place as a percentage of non-inter-level travel turns spent in this place.
 F = Non-inter-level travel turns spent in this place divided by the number of levels of this place that you've seen.
                   A       B       C       D       E      F
               +-------+-------+-------+-------+-------+----------------------
         Total | 100.0 | 100.0 |   0.0 |   0.0 |   0.0 | 516.4
       Dungeon |  95.8 |  95.8 |   0.0 |   0.0 |   0.0 | 570.5
        Temple |   0.9 |   0.9 |   0.0 |   0.0 |   0.0 |  72.0
       Ossuary |   3.3 |   3.3 |   0.0 |   0.0 |   0.0 | 257.0
               +-------+-------+-------+-------+-------+----------------------

Table legend:
 A = Kills in this place as a percentage of kills in entire the game.
 B = Kills by you in this place as a percentage of kills by you in the entire game.
 C = Kills by friends in this place as a percentage of kills by friends in the entire game.
 D = Other kills in this place as a percentage of other kills in the entire game.
 E = Experience gained in this place as a percentage of experience gained in the entire game.
 F = Experience gained in this place divided by the number of levels of this place that you have seen.
                   A       B       C       D       E      F
               +-------+-------+-------+-------+-------+----------------------
         Total | 100.0 | 100.0 |   N/A |   N/A | 100.0 | 2160.0
       Dungeon |  92.9 |  92.9 |   N/A |   N/A |  99.2 | 2471.8
       Ossuary |   7.1 |   7.1 |   N/A |   N/A |   0.8 | 267.0
               +-------+-------+-------+-------+-------+----------------------
